London Knights vs Sherbrooke Phoenix

Created - 3 octobre 2019 at 19:05

Simulating a Pre-Season

Goals
1 2 3 T
London Knights 2 2 2 6
Sherbrooke Phoenix 1 1 0 2
Shots
1 2 3 T
London Knights 11 19 9 39
Sherbrooke Phoenix 3 12 14 29

1st period

1. Sherbrooke Phoenix , Jonny Brodzinski 8 (Alex Belzile 6, Colton White 8) at 0:35
2. London Knights , Keegan Kolesar 7 (Nicolas Aube-Kubel 3, Kieffer Bellows 5) at 6:33
3. London Knights , Andy Andreoff 11 (Jayson Megna 16, Filip Zadina 17) at 7:24

Penalties :
No Penalty

2nd period

4. London Knights , Manuel Wiederer 5 (Lucas Carlsson 8, Jack Rodewald 8) at 2:14
5. London Knights , Jayson Megna 19 (Kristian Vesalainen 10) at 4:33
6. Sherbrooke Phoenix , Brad Malone 8 (Jonny Brodzinski 13, Mario Kempe 15) at 5:25 (PP)

Penalties :
Colton White (PHO) for Fighting (Major) at 0:05, Filip Zadina (KNI) for Fighting (Major) at 0:05, Tommy Cross (PHO) for Fighting (Major) at 1:07, Tyler Wotherspoon (KNI) for Fighting (Major) at 1:07, Alex Belzile (PHO) for Fighting (Major) at 1:24, Andy Andreoff (KNI) for Fighting (Major) at 1:24, Dylan McIlrath (KNI) for Hooking (Minor) at 4:50

3rd period

7. London Knights , Kieffer Bellows 2 (Colby Williams 4) at 3:30
8. London Knights , Kristian Vesalainen 8 (Sheldon Dries 5, Ethan Prow 6) at 14:15

Penalties :
Francis Perron (PHO) for Fighting (Major) at 14:16, Andy Andreoff (KNI) for Fighting (Major) at 14:16, Andy Andreoff (KNI) for instigated a fight (Minor) at 14:16, Andy Andreoff (KNI) for instigated a fight (10 Minutes Misconduct) at 14:16, Blake Siebenaler (PHO) for Fighting (Major) at 16:58, Kristian Vesalainen (KNI) for Fighting (Major) at 16:58, Tyler Gaudet (PHO) for Fighting (Major) at 17:54, John Hayden (KNI) for Fighting (Major) at 17:54, Tyler Gaudet (PHO) for instigated a fight (Minor) at 17:54, Tyler Gaudet (PHO) for instigated a fight (10 Minutes Misconduct) at 17:54

Goalie Stats

Philippe Desrosiers (KNI), 27 saves from 29 shots - (0,931), W, 10-0-0, 60:00 minutes
Vitek Vanecek (PHO), 10 saves from 14 shots - (0,714), L, 6-3-0, 24:33 minutes
Antoine Bibeau (PHO), 23 saves from 25 shots - (0,920), 35:27 minutes

Players Stats for London Knights

Player Name              G  A  P  +/- PIM S  H  SB GA TA FO     MP     PP MP  PK MP  
------------------------------------------------------------------------------------
Andy Andreoff            1  0  1   1  22  1  1  0  1  1  14/21  16:23   0:00   0:00 
Colby Williams           0  1  1   2  0   1  3  0  0  1  0/0    12:05   0:00   0:35 
Dylan McIlrath           0  0  0   1  2   1  2  1  0  0  0/0    22:44   1:08   0:49 
Ethan Prow               0  1  1   2  0   2  0  1  0  0  0/0    20:12   0:51   1:10 
Filip Zadina             0  1  1   1  5   3  1  1  1  1  0/2    18:45   1:15   0:35 
Hunter Warner            0  0  0   2  0   0  2  0  0  0  0/0    20:12   0:51   1:10 
Jack Rodewald            0  1  1  -1  0   1  0  0  0  0  0/1    16:08   0:49   0:00 
Jayson Megna             1  1  2   2  0   6  0  0  3  0  1/2    22:04   1:10   1:24 
John Hayden              0  0  0  -1  5   4  1  0  0  0  1/1    15:15   0:00   0:00 
Justin Kloos             0  0  0  -1  0   4  4  0  0  1  11/18  17:31   0:49   1:07 
Keegan Kolesar           1  0  1   3  0   3  1  0  0  0  3/11   17:00   0:59   0:00 
Kieffer Bellows          1  1  2   2  0   2  1  0  1  0  0/0     9:17   0:37   0:00 
Kristian Vesalainen      1  1  2   3  5   5  3  0  1  0  0/0    14:11   0:00   0:35 
Lucas Carlsson           0  1  1   4  0   0  0  1  0  0  0/0    15:03   0:00   0:00 
Manuel Wiederer          1  0  1   2  0   2  0  0  0  1  1/1     8:40   0:00   0:00 
Matthew Spencer          0  0  0   0  0   0  0  0  0  0  0/0     5:46   0:00   0:35 
Nicolas Aube-Kubel       0  1  1   2  0   2  2  0  1  0  0/0     8:40   0:00   0:00 
Sheldon Dries            0  1  1   2  0   1  1  1  0  0  3/7    13:27   0:18   1:27 
Tyler Wotherspoon        0  0  0  -1  5   1  3  3  1  3  0/0    23:56   1:08   0:49 

Players Stats for Sherbrooke Phoenix

Player Name              G  A  P  +/- PIM S  H  SB GA TA FO     MP     PP MP  PK MP  
------------------------------------------------------------------------------------
Alex Belzile             0  1  1   0  5   2  1  0  1  1  10/25  23:39   0:59   1:07 
Blaine Byron             0  0  0  -1  0   0  3  0  0  0  2/4     9:27   0:00   0:00 
Blake Siebenaler         0  0  0  -4  5   0  1  1  0  2  0/0    20:13   0:35   0:00 
Brad Malone              1  0  1  -3  0   4  3  1  0  0  9/16   20:15   1:04   0:52 
Brad Morrison            0  0  0  -1  0   0  2  0  0  0  6/9     8:07   1:02   0:00 
Colton White             0  1  1   0  5   2  2  1  0  1  0/0    20:16   1:06   1:10 
Conner Bleackley         0  0  0   0  0   0  0  0  0  0  0/0     2:40   0:35   0:00 
Darren Archibald         0  0  0  -1  0   0  0  0  0  0  0/0     9:27   0:00   0:00 
Francis Perron           0  0  0  -3  5   2  0  0  2  1  0/1    18:26   0:12   0:23 
Graham Knott             0  0  0  -1  0   0  1  0  0  0  0/0     5:11   0:16   0:52 
Jake Evans               0  0  0  -1  0   1  0  1  0  0  0/1    15:11   1:11   0:00 
Jonny Brodzinski         1  1  2  -3  0   4  0  1  2  0  0/1    19:23   1:04   0:00 
Jordan Subban            0  0  0  -3  0   0  0  2  1  0  0/0    24:26   1:28   0:49 
Julius Bergman           0  0  0  -2  0   3  0  0  0  1  0/0    23:45   0:53   0:49 
Mario Kempe              0  1  1  -2  0   4  2  1  1  2  0/1    23:42   1:19   1:04 
Timothy Gettinger        0  0  0   0  0   1  2  0  0  0  1/1    13:35   0:00   0:00 
Tommy Cross              0  0  0   0  5   3  0  3  1  1  0/0    26:58   1:06   1:10 
Tyler Gaudet             0  0  0   0  17  3  1  0  0  0  2/5    13:34   0:00   0:00 

3 Stars

1 - Kieffer Bellows (KNI)
2 - Jayson Megna (KNI)
3 - Keegan Kolesar (KNI)

Power Play

London Knights - 0 on 1 Attempt(s) - 0,00%
Sherbrooke Phoenix - 1 on 2 Attempt(s) - 50,00%

Penalty Kill

London Knights - 1 on 2 Attempt(s) - 50,00% - Score 0 goal in Penalty Kill
Sherbrooke Phoenix - 1 on 1 Attempt(s) - 100,00% - Score 0 goal in Penalty Kill

Team Stat

London Knights - Hits : 25 - Faceoff Wins : 34 - Blocked Shots : 8 - Penalty Minutes : 44
Sherbrooke Phoenix - Hits : 18 - Faceoff Wins : 30 - Blocked Shots : 11 - Penalty Minutes : 42

Official

Referees : Justin StPierre and Graham Skiliter
Linesman : Mike Cvik and Scott Cherrey

Game Notes

Colton White and Filip Zadina fight to a draw at 0:05 of 2nd period
Tommy Cross beats up Tyler Wotherspoon at 1:07 of 2nd period
Alex Belzile beats up Andy Andreoff at 1:24 of 2nd period
Antoine Bibeau enters game at 4:33 of 2nd period
Francis Perron beats up Andy Andreoff at 14:16 of 3rd period
Blake Siebenaler and Kristian Vesalainen fight to a draw at 16:58 of 3rd period
Tyler Gaudet and John Hayden fight to a draw at 17:54 of 3rd period

London Knights

5 vs 5 Forward 
   Center                   Left Wing                Right Wing               Time % Phy DF OF 
 1 Andy Andreoff            Filip Zadina             Jayson Megna             40     1   2  2  
 2 Justin Kloos             John Hayden              Jack Rodewald            30     1   2  2  
 3 Sheldon Dries            Kristian Vesalainen      Keegan Kolesar           20     1   2  2  
 4 Manuel Wiederer          Kieffer Bellows          Nicolas Aube-Kubel       10     1   2  2  

5 vs 5 Defense 
   Defense                  Defense                                           Time % Phy DF OF 
 1 Tyler Wotherspoon        Dylan McIlrath                                    40     1   2  2  
 2 Ethan Prow               Hunter Warner                                     30     1   2  2  
 3 Lucas Carlsson           Colby Williams                                    20     1   2  2  
 4 Matthew Spencer          Tyler Wotherspoon                                 10     1   2  2  

PowerPlay Forward 
   Center                   Left Wing                Right Wing               Time % Phy DF OF 
 1 Andy Andreoff            Filip Zadina             Jayson Megna             60     1   2  2  
 2 Justin Kloos             John Hayden              Jack Rodewald            40     1   2  2  

PowerPlay Defense
   Defense                  Defense                                           Time % Phy DF OF 
 1 Tyler Wotherspoon        Dylan McIlrath                                    60     1   2  2  
 2 Ethan Prow               Hunter Warner                                     40     1   2  2  

Penalty Kill 4 Players Forward 
   Center                   Wing                     Time % Phy DF OF 
 1 Andy Andreoff            Jayson Megna             60     1   2  2  
 2 Jack Rodewald            Filip Zadina             40     1   2  2  

Penalty Kill 4 Players Defense
   Defense                  Defense                  Time % Phy DF OF 
 1 Tyler Wotherspoon        Dylan McIlrath           60     1   2  2  
 2 Ethan Prow               Hunter Warner            40     1   2  2  

Penalty Kill - 3 Players Forward 
   Forward                                           Time % Phy DF OF 
 1 Andy Andreoff                                     60     1   2  2  
 2 Jayson Megna                                      40     1   2  2  

Penalty Kill - 3 Players Defense
   Defense                  Defense                  Time % Phy DF OF 
 1 Tyler Wotherspoon        Dylan McIlrath           60     1   2  2  
 2 Ethan Prow               Hunter Warner            40     1   2  2  

4 vs 4 Forward 
   Center                   Wing                     Time % Phy DF OF 
 1 Andy Andreoff            Jayson Megna             60     1   2  2  
 2 Jack Rodewald            Filip Zadina             40     1   2  2  

4 vs 4 Defense
   Defense                  Defense                  Time % Phy DF OF 
 1 Tyler Wotherspoon        Dylan McIlrath           60     1   2  2  
 2 Ethan Prow               Hunter Warner            40     1   2  2  

Last Minutes Offensive
   Center                   Left Wing                Right Wing               Defense                  Defense                  
   Andy Andreoff            Filip Zadina             Jayson Megna             Tyler Wotherspoon        Dylan McIlrath           

Last Minutes Defensive
   Center                   Left Wing                Right Wing               Defense                  Defense                  
   Andy Andreoff            Filip Zadina             Jayson Megna             Tyler Wotherspoon        Dylan McIlrath           

Goaltenders
Starting : Philippe Desrosiers      
Backup : Unknown Goalie           

Extra Forwards
Normal : Keegan Kolesar, Kristian Vesalainen, Sheldon Dries - PP : Keegan Kolesar, Kristian Vesalainen - PK : Sheldon Dries
Extra Defensemen
Normal : Lucas Carlsson, Colby Williams, Matthew Spencer - PP : Lucas Carlsson - PK : Colby Williams, Matthew Spencer
Penalty Shots
Andy Andreoff, Jayson Megna, Jack Rodewald, Filip Zadina, Justin Kloos

Scratches
Brian Pinho (Healthy), Caleb Herbert (Healthy), Skyler McKenzie (Healthy), Matt Fonteyne (Healthy), Brandon Halverson (Healthy)

Sherbrooke Phoenix

5 vs 5 Forward 
   Center                   Left Wing                Right Wing               Time % Phy DF OF 
 1 Alex Belzile             Mario Kempe              Jake Evans               38     0   2  3  
 2 Brad Malone              Francis Perron           Jonny Brodzinski         35     0   2  3  
 3 Tyler Gaudet             Timothy Gettinger        Alex Belzile             25     0   2  3  
 4 Blaine Byron             Darren Archibald         Mario Kempe              2      0   4  1  

5 vs 5 Defense 
   Defense                  Defense                                           Time % Phy DF OF 
 1 Tommy Cross              Colton White                                      40     0   2  3  
 2 Julius Bergman           Jordan Subban                                     30     0   2  3  
 3 Blake Siebenaler         Tommy Cross                                       25     0   3  2  
 4 Colton White             Julius Bergman                                    5      0   3  2  

PowerPlay Forward 
   Center                   Left Wing                Right Wing               Time % Phy DF OF 
 1 Alex Belzile             Mario Kempe              Jake Evans               55     0   1  4  
 2 Brad Malone              Francis Perron           Jonny Brodzinski         45     0   2  3  

PowerPlay Defense
   Defense                  Defense                                           Time % Phy DF OF 
 1 Tommy Cross              Colton White                                      55     0   1  4  
 2 Julius Bergman           Jordan Subban                                     45     0   2  3  

Penalty Kill 4 Players Forward 
   Center                   Wing                     Time % Phy DF OF 
 1 Alex Belzile             Mario Kempe              55     0   3  2  
 2 Brad Malone              Francis Perron           45     0   3  2  

Penalty Kill 4 Players Defense
   Defense                  Defense                  Time % Phy DF OF 
 1 Tommy Cross              Colton White             55     0   3  2  
 2 Julius Bergman           Jordan Subban            45     0   3  2  

Penalty Kill - 3 Players Forward 
   Forward                                           Time % Phy DF OF 
 1 Alex Belzile                                      55     0   3  2  
 2 Mario Kempe                                       45     0   3  2  

Penalty Kill - 3 Players Defense
   Defense                  Defense                  Time % Phy DF OF 
 1 Tommy Cross              Colton White             55     0   3  2  
 2 Julius Bergman           Jordan Subban            45     0   3  2  

4 vs 4 Forward 
   Center                   Wing                     Time % Phy DF OF 
 1 Alex Belzile             Mario Kempe              55     0   2  3  
 2 Brad Malone              Francis Perron           45     0   2  3  

4 vs 4 Defense
   Defense                  Defense                  Time % Phy DF OF 
 1 Tommy Cross              Colton White             60     0   2  3  
 2 Julius Bergman           Jordan Subban            40     0   2  3  

Last Minutes Offensive
   Center                   Left Wing                Right Wing               Defense                  Defense                  
   Alex Belzile             Mario Kempe              Jake Evans               Tommy Cross              Colton White             

Last Minutes Defensive
   Center                   Left Wing                Right Wing               Defense                  Defense                  
   Alex Belzile             Mario Kempe              Jake Evans               Tommy Cross              Colton White             

Goaltenders
Starting : Vitek Vanecek            
Backup : Antoine Bibeau           

Extra Forwards
Normal : Brad Morrison, Conner Bleackley, Graham Knott - PP : Brad Morrison, Conner Bleackley - PK : Graham Knott
Extra Defensemen
Normal : Blake Siebenaler, Jordan Subban, Tommy Cross - PP : Blake Siebenaler - PK : Jordan Subban, Tommy Cross
Penalty Shots
Alex Belzile, Mario Kempe, Brad Malone, Francis Perron, Timothy Gettinger

Scratches
Dalton Smith (Healthy), Troy Bourke (Healthy), Josh Dickinson (Healthy), Nathan Noel (Healthy), Chris Carlisle (Healthy)

% Time on Ice - London Knights

Lines # - Real PCT - Wanted PCT - Time Play
Normal Forward
1 - 36% - 40% - 19:46
2 - 28% - 30% - 15:19
3 - 21% - 20% - 11:42
4 - 16% - 10% - 8:40
Normal Defense
1 - 38% - 40% - 20:48
2 - 33% - 30% - 18:11
3 - 21% - 20% - 11:30
4 - 9% - 10% - 4:58
PP Forward
1 - 59% - 60% - 1:10
2 - 41% - 40% - 0:49
PP Defense
1 - 57% - 60% - 1:08
2 - 43% - 40% - 0:51
PK Forward
1 - 100% - 60% - 2:34
2 - 0% - 40% - 0:00
PK Defense
1 - 55% - 60% - 1:24
2 - 45% - 40% - 1:10
PK3 Forward
1 - 0% - 60%
2 - 0% - 40%
PK3 Defense
1 - 0% - 60%
2 - 0% - 40%
44 Forward
1 - 0% - 60%
2 - 0% - 40%
44 Defense
1 - 0% - 60%
2 - 0% - 40%
Last Minute Offensive  - 0:00
Last Minute Defensive  - 0:00
Total
Forward - 60:00
Defense - 60:00

% Time on Ice - Sherbrooke Phoenix

Lines # - Real PCT - Wanted PCT - Time Play
Normal Forward
1 - 25% - 38% - 14:06
2 - 33% - 35% - 18:19
3 - 24% - 25% - 13:35
4 - 17% - 2% - 9:27
Normal Defense
1 - 35% - 40% - 19:17
2 - 32% - 30% - 18:01
3 - 25% - 25% - 14:01
4 - 7% - 5% - 4:08
PP Forward
1 - 46% - 55% - 1:11
2 - 54% - 45% - 1:23
PP Defense
1 - 66% - 55% - 1:41
2 - 34% - 45% - 0:53
PK Forward
1 - 56% - 55% - 1:07
2 - 44% - 45% - 0:52
PK Defense
1 - 59% - 55% - 1:10
2 - 41% - 45% - 0:49
PK3 Forward
1 - 0% - 55%
2 - 0% - 45%
PK3 Defense
1 - 0% - 55%
2 - 0% - 45%
44 Forward
1 - 0% - 55%
2 - 0% - 45%
44 Defense
1 - 0% - 60%
2 - 0% - 40%
Last Minute Offensive  - 0:00
Last Minute Defensive  - 0:00
Total
Forward - 60:00
Defense - 60:00

Play-by-Play

1st period


0:01 of 1st period - Andy Andreoff wins face-off versus Alex Belzile in neutral zone.
0:22 of 1st period - Mario Kempe is hit by Dylan McIlrath and loses puck.
0:35 of 1st period - Wrist shot by Jonny Brodzinski.
0:35 of 1st period - Goal by Jonny Brodzinski - London Knights : 0 - Sherbrooke Phoenix : 1.
0:36 of 1st period - Sheldon Dries wins face-off versus Tyler Gaudet in neutral zone.
1:10 of 1st period - Wrist shot by John Hayden.
1:10 of 1st period - Stopped by Vitek Vanecek with a rebound.
1:58 of 1st period - Tyler Wotherspoon is hit by Brad Malone and loses puck.
2:07 of 1st period - Tyler Wotherspoon is hit by Blake Siebenaler and loses puck.
2:18 of 1st period - Alex Belzile is hit by John Hayden.
2:24 of 1st period - Mario Kempe is hit by Justin Kloos and loses puck.
2:28 of 1st period - Icing by Blake Siebenaler.
2:29 of 1st period - Andy Andreoff wins face-off versus Alex Belzile in Sherbrooke Phoenix zone.
2:36 of 1st period - Snap shot by Filip Zadina.
2:36 of 1st period - Stopped by Vitek Vanecek with a rebound.
2:54 of 1st period - Snap shot by Mario Kempe.
2:54 of 1st period - Stopped by Philippe Desrosiers without a rebound.
2:55 of 1st period - Justin Kloos wins face-off versus Brad Malone in London Knights zone.
3:04 of 1st period - Wrist shot by Jack Rodewald.
3:04 of 1st period - Shot Blocked by Brad Malone.
3:11 of 1st period - Slapshot by Colton White.
3:11 of 1st period - Shot Blocked by Tyler Wotherspoon.
3:42 of 1st period - Jayson Megna is hit by Mario Kempe and loses puck.
4:14 of 1st period - Icing by Blaine Byron.
4:15 of 1st period - Blaine Byron wins face-off versus Andy Andreoff in Sherbrooke Phoenix zone.
4:21 of 1st period - Off-side.
4:22 of 1st period - Andy Andreoff wins face-off versus Brad Malone in neutral zone.
4:37 of 1st period - Snap shot by Jayson Megna.
4:37 of 1st period - Shot Misses the Net.
4:44 of 1st period - Icing by Tommy Cross.
4:45 of 1st period - Justin Kloos wins face-off versus Alex Belzile in Sherbrooke Phoenix zone.
5:37 of 1st period - Tyler Wotherspoon is hit by Tyler Gaudet and loses puck.
6:06 of 1st period - Julius Bergman is hit by Colby Williams and loses puck.
6:31 of 1st period - Slapshot by Keegan Kolesar.
6:31 of 1st period - Shot Misses the Net.
6:33 of 1st period - Wrist shot by Keegan Kolesar.
6:33 of 1st period - Goal by Keegan Kolesar - London Knights : 1 - Sherbrooke Phoenix : 1.
6:34 of 1st period - Alex Belzile wins face-off versus Filip Zadina in neutral zone.
6:45 of 1st period - Snap shot by Alex Belzile.
6:45 of 1st period - Shot Blocked by Tyler Wotherspoon.
7:16 of 1st period - Wrist shot by Jayson Megna.
7:16 of 1st period - Shot Misses the Net.
7:18 of 1st period - Wrist shot by Andy Andreoff.
7:18 of 1st period - Deflect By Jayson Megna.
7:18 of 1st period - Stopped by Vitek Vanecek with a rebound.
7:20 of 1st period - Wrist shot by Filip Zadina.
7:20 of 1st period - Stopped by Vitek Vanecek with a rebound.
7:22 of 1st period - Slapshot by Jayson Megna.
7:22 of 1st period - Stopped by Vitek Vanecek with a rebound.
7:24 of 1st period - Snap shot by Andy Andreoff.
7:24 of 1st period - Goal by Andy Andreoff - London Knights : 2 - Sherbrooke Phoenix : 1.
7:25 of 1st period - Justin Kloos wins face-off versus Alex Belzile in neutral zone.
7:39 of 1st period - Slapshot by Justin Kloos.
7:39 of 1st period - Shot Misses the Net.
7:41 of 1st period - Wrist shot by Jack Rodewald.
7:41 of 1st period - Shot Misses the Net.
7:55 of 1st period - Wrist shot by Kristian Vesalainen.
7:55 of 1st period - Shot Blocked by Tommy Cross.
8:08 of 1st period - Icing by Francis Perron.
8:09 of 1st period - Manuel Wiederer wins face-off versus Tyler Gaudet in Sherbrooke Phoenix zone.
8:12 of 1st period - Wrist shot by Kieffer Bellows.
8:12 of 1st period - Shot Misses the Net.
8:14 of 1st period - Backhand shot by Colby Williams.
8:14 of 1st period - Deflect By Tyler Gaudet.
8:14 of 1st period - Stopped by Vitek Vanecek with a rebound.
9:13 of 1st period - Icing by Lucas Carlsson.
9:14 of 1st period - Justin Kloos wins face-off versus Tyler Gaudet in London Knights zone.
9:23 of 1st period - Slapshot by Kristian Vesalainen.
9:23 of 1st period - Shot Misses the Net.
9:25 of 1st period - Snap shot by Lucas Carlsson.
9:25 of 1st period - Shot Blocked by Jordan Subban.
9:39 of 1st period - Filip Zadina is hit by Brad Malone.
9:49 of 1st period - Slapshot by Jayson Megna.
9:49 of 1st period - Stopped by Vitek Vanecek without a rebound.
9:50 of 1st period - Alex Belzile wins face-off versus Justin Kloos in Sherbrooke Phoenix zone.
10:16 of 1st period - Dylan McIlrath is hit by Brad Malone.
10:41 of 1st period - Timothy Gettinger is hit by Kristian Vesalainen and loses puck.
11:06 of 1st period - Nicolas Aube-Kubel is hit by Blaine Byron and loses puck.
11:21 of 1st period - Snap shot by Jonny Brodzinski.
11:21 of 1st period - Stopped by Philippe Desrosiers without a rebound.
11:22 of 1st period - Brad Malone wins face-off versus Justin Kloos in London Knights zone.
11:41 of 1st period - Icing by Jack Rodewald.
11:42 of 1st period - Justin Kloos wins face-off versus Alex Belzile in London Knights zone.
11:58 of 1st period - Snap shot by Justin Kloos.
11:58 of 1st period - Shot Misses the Net.
12:27 of 1st period - Snap shot by Jayson Megna.
12:27 of 1st period - Stopped by Vitek Vanecek with a rebound.
14:32 of 1st period - Wrist shot by Justin Kloos.
14:32 of 1st period - Shot Misses the Net.
15:02 of 1st period - Wrist shot by Nicolas Aube-Kubel.
15:02 of 1st period - Stopped by Vitek Vanecek with a rebound.
15:13 of 1st period - Alex Belzile is hit by Kieffer Bellows.
17:10 of 1st period - Icing by Francis Perron.
17:11 of 1st period - Brad Malone wins face-off versus Andy Andreoff in Sherbrooke Phoenix zone.
17:42 of 1st period - Kristian Vesalainen is hit by Blaine Byron and loses puck.
18:33 of 1st period - Tommy Cross is hit by Andy Andreoff and loses puck.
19:08 of 1st period - Blaine Byron is hit by Justin Kloos and loses puck.
19:37 of 1st period - Tyler Gaudet is hit by Filip Zadina and loses puck.
19:56 of 1st period - Tommy Cross is hit by Nicolas Aube-Kubel and loses puck.
Goals for this period are 2 for London Knights vs 1 for Sherbrooke Phoenix.
Shots for this period are 11 for London Knights vs 3 for Sherbrooke Phoenix.

2nd period


0:01 of 2nd period - Andy Andreoff wins face-off versus Alex Belzile in neutral zone.
0:05 of 2nd period - Colton White and Filip Zadina fight to a draw.
0:05 of 2nd period - Penalty to Colton White for Fighting.
0:05 of 2nd period - Penalty to Filip Zadina for Fighting.
0:06 of 2nd period - Andy Andreoff wins face-off versus Alex Belzile in Sherbrooke Phoenix zone.
0:28 of 2nd period - Icing by Mario Kempe.
0:29 of 2nd period - Justin Kloos wins face-off versus Jonny Brodzinski in Sherbrooke Phoenix zone.
0:30 of 2nd period - Snap shot by Jack Rodewald.
0:30 of 2nd period - Shot Blocked by Blake Siebenaler.
0:54 of 2nd period - Wrist shot by Alex Belzile.
0:54 of 2nd period - Shot Misses the Net.
0:56 of 2nd period - Slapshot by Jordan Subban.
0:56 of 2nd period - Shot Blocked by Ethan Prow.
0:58 of 2nd period - Slapshot by Julius Bergman.
0:58 of 2nd period - Deflect By Jayson Megna.
0:58 of 2nd period - Stopped by Philippe Desrosiers without a rebound.
0:59 of 2nd period - Andy Andreoff wins face-off versus Alex Belzile in London Knights zone.
1:07 of 2nd period - Tommy Cross beats up Tyler Wotherspoon.
1:07 of 2nd period - Penalty to Tommy Cross for Fighting.
1:07 of 2nd period - Penalty to Tyler Wotherspoon for Fighting.
1:08 of 2nd period - Andy Andreoff wins face-off versus Alex Belzile in London Knights zone.
1:24 of 2nd period - Alex Belzile beats up Andy Andreoff.
1:24 of 2nd period - Penalty to Alex Belzile for Fighting.
1:24 of 2nd period - Penalty to Andy Andreoff for Fighting.
1:25 of 2nd period - Keegan Kolesar wins face-off versus Brad Morrison in London Knights zone.
1:56 of 2nd period - Slapshot by Timothy Gettinger.
1:56 of 2nd period - Shot Blocked by Dylan McIlrath.
2:00 of 2nd period - Wrist shot by Tyler Gaudet.
2:00 of 2nd period - Shot Misses the Net.
2:10 of 2nd period - Snap shot by Jack Rodewald.
2:10 of 2nd period - Shot Misses the Net.
2:12 of 2nd period - Slapshot by Lucas Carlsson.
2:12 of 2nd period - Shot Misses the Net.
2:14 of 2nd period - Wrist shot by Manuel Wiederer.
2:14 of 2nd period - Goal by Manuel Wiederer - London Knights : 3 - Sherbrooke Phoenix : 1.
2:15 of 2nd period - Brad Morrison wins face-off versus Keegan Kolesar in neutral zone.
2:20 of 2nd period - Jordan Subban is hit by Kristian Vesalainen and loses puck.
2:33 of 2nd period - Ethan Prow is hit by Brad Morrison and loses puck.
2:46 of 2nd period - Snap shot by Tyler Gaudet.
2:46 of 2nd period - Stopped by Philippe Desrosiers without a rebound.
2:47 of 2nd period - Timothy Gettinger wins face-off versus Justin Kloos in London Knights zone.
2:48 of 2nd period - Snap shot by Tyler Gaudet.
2:48 of 2nd period - Stopped by Philippe Desrosiers without a rebound.
2:49 of 2nd period - Tyler Gaudet wins face-off versus Jack Rodewald in London Knights zone.
2:55 of 2nd period - Off-side.
2:56 of 2nd period - Justin Kloos wins face-off versus Brad Morrison in neutral zone.
3:51 of 2nd period - Snap shot by Timothy Gettinger.
3:51 of 2nd period - Deflect By Tyler Gaudet.
3:51 of 2nd period - Shot Misses the Net.
3:51 of 2nd period - Puck is out of play.
3:52 of 2nd period - Brad Morrison wins face-off versus Keegan Kolesar in London Knights zone.
4:01 of 2nd period - Wrist shot by Mario Kempe.
4:01 of 2nd period - Stopped by Philippe Desrosiers with a rebound.
4:25 of 2nd period - Slapshot by John Hayden.
4:25 of 2nd period - Stopped by Vitek Vanecek without a rebound.
4:26 of 2nd period - Brad Morrison wins face-off versus Keegan Kolesar in Sherbrooke Phoenix zone.
4:33 of 2nd period - Snap shot by Jayson Megna.
4:33 of 2nd period - Goal by Jayson Megna - London Knights : 4 - Sherbrooke Phoenix : 1.
4:33 of 2nd period - Antoine Bibeau enters game.
4:34 of 2nd period - Keegan Kolesar wins face-off versus Mario Kempe in neutral zone.
4:41 of 2nd period - Snap shot by Kristian Vesalainen.
4:41 of 2nd period - Stopped by Antoine Bibeau without a rebound.
4:42 of 2nd period - Brad Morrison wins face-off versus Keegan Kolesar in Sherbrooke Phoenix zone.
4:50 of 2nd period - Minor Penalty to Dylan McIlrath for Hooking.
4:51 of 2nd period - Brad Morrison wins face-off versus Sheldon Dries in London Knights zone.
4:51 of 2nd period - Wrist shot by Mario Kempe.
4:51 of 2nd period - Shot Misses the Net.
5:01 of 2nd period - Wrist shot by Mario Kempe.
5:01 of 2nd period - Stopped by Philippe Desrosiers with a rebound.
5:05 of 2nd period - Penalty to Filip Zadina is over, Filip Zadina is back on ice.
5:23 of 2nd period - Snap shot by Brad Malone.
5:23 of 2nd period - Shot Misses the Net.
5:25 of 2nd period - Wrist shot by Brad Malone.
5:25 of 2nd period - Goal by Brad Malone - London Knights : 4 - Sherbrooke Phoenix : 2.
5:26 of 2nd period - Justin Kloos wins face-off versus Jake Evans in neutral zone.
5:29 of 2nd period - Wrist shot by Jack Rodewald.
5:29 of 2nd period - Stopped by Antoine Bibeau without a rebound.
5:30 of 2nd period - John Hayden wins face-off versus Brad Morrison in Sherbrooke Phoenix zone.
5:43 of 2nd period - Wrist shot by John Hayden.
5:43 of 2nd period - Shot Blocked by Jake Evans.
5:45 of 2nd period - Snap shot by Justin Kloos.
5:45 of 2nd period - Stopped by Antoine Bibeau with a rebound.
6:03 of 2nd period - Snap shot by Sheldon Dries.
6:03 of 2nd period - Shot Misses the Net.
6:05 of 2nd period - Snap shot by Kristian Vesalainen.
6:05 of 2nd period - Stopped by Antoine Bibeau without a rebound.
6:06 of 2nd period - Keegan Kolesar wins face-off versus Brad Malone in Sherbrooke Phoenix zone.
6:21 of 2nd period - Wrist shot by Brad Malone.
6:21 of 2nd period - Stopped by Philippe Desrosiers with a rebound.
6:35 of 2nd period - Hunter Warner is hit by Alex Belzile and loses puck.
7:10 of 2nd period - Slapshot by Colton White.
7:10 of 2nd period - Shot Misses the Net.
7:20 of 2nd period - Snap shot by Nicolas Aube-Kubel.
7:20 of 2nd period - Shot Blocked by Colton White.
8:27 of 2nd period - Snap shot by Justin Kloos.
8:27 of 2nd period - Shot Misses the Net.
9:04 of 2nd period - Brad Malone is hit by Kristian Vesalainen and loses puck.
9:16 of 2nd period - Off-side.
9:17 of 2nd period - Blaine Byron wins face-off versus Andy Andreoff in neutral zone.
9:22 of 2nd period - Backhand shot by Colton White.
9:22 of 2nd period - Stopped by Philippe Desrosiers with a rebound.
9:24 of 2nd period - Snap shot by Julius Bergman.
9:24 of 2nd period - Stopped by Philippe Desrosiers without a rebound.
9:25 of 2nd period - Andy Andreoff wins face-off versus Blaine Byron in London Knights zone.
12:06 of 2nd period - Blake Siebenaler is hit by Justin Kloos and loses puck.
12:13 of 2nd period - Snap shot by Justin Kloos.
12:13 of 2nd period - Stopped by Antoine Bibeau without a rebound.
12:14 of 2nd period - Brad Malone wins face-off versus Andy Andreoff in Sherbrooke Phoenix zone.
12:25 of 2nd period - Icing by Jayson Megna.
12:26 of 2nd period - Andy Andreoff wins face-off versus Brad Malone in London Knights zone.
12:54 of 2nd period - Snap shot by Jake Evans.
12:54 of 2nd period - Stopped by Philippe Desrosiers with a rebound.
13:02 of 2nd period - Snap shot by Justin Kloos.
13:02 of 2nd period - Stopped by Antoine Bibeau without a rebound.
13:03 of 2nd period - Sheldon Dries wins face-off versus Brad Malone in Sherbrooke Phoenix zone.
13:04 of 2nd period - Wrist shot by Kristian Vesalainen.
13:04 of 2nd period - Shot Misses the Net.
13:06 of 2nd period - Slapshot by Ethan Prow.
13:06 of 2nd period - Deflect By Keegan Kolesar.
13:06 of 2nd period - Stopped by Antoine Bibeau with a rebound.
13:10 of 2nd period - Snap shot by Kristian Vesalainen.
13:10 of 2nd period - Deflect By Jordan Subban.
13:10 of 2nd period - Shot Misses the Net.
13:10 of 2nd period - Puck is out of play.
13:11 of 2nd period - Sheldon Dries wins face-off versus Francis Perron in Sherbrooke Phoenix zone.
13:12 of 2nd period - Snap shot by Kristian Vesalainen.
13:12 of 2nd period - Shot Misses the Net.
13:14 of 2nd period - Snap shot by Kristian Vesalainen.
13:14 of 2nd period - Stopped by Antoine Bibeau with a rebound.
13:16 of 2nd period - Snap shot by Keegan Kolesar.
13:16 of 2nd period - Stopped by Antoine Bibeau with a rebound.
13:18 of 2nd period - Slapshot by Ethan Prow.
13:18 of 2nd period - Stopped by Antoine Bibeau without a rebound.
13:19 of 2nd period - Alex Belzile wins face-off versus Jayson Megna in Sherbrooke Phoenix zone.
13:19 of 2nd period - Alex Belzile is hit by Dylan McIlrath.
13:35 of 2nd period - Slapshot by Jayson Megna.
13:35 of 2nd period - Stopped by Antoine Bibeau without a rebound.
13:36 of 2nd period - Brad Malone wins face-off versus Justin Kloos in Sherbrooke Phoenix zone.
13:45 of 2nd period - Slapshot by John Hayden.
13:45 of 2nd period - Stopped by Antoine Bibeau without a rebound.
13:46 of 2nd period - Brad Malone wins face-off versus Justin Kloos in Sherbrooke Phoenix zone.
13:51 of 2nd period - Snap shot by Jack Rodewald.
13:51 of 2nd period - Shot Misses the Net.
13:53 of 2nd period - Slapshot by Dylan McIlrath.
13:53 of 2nd period - Stopped by Antoine Bibeau without a rebound.
13:54 of 2nd period - Jayson Megna wins face-off versus Alex Belzile in Sherbrooke Phoenix zone.
15:06 of 2nd period - Kieffer Bellows is hit by Blaine Byron and loses puck.
15:17 of 2nd period - Snap shot by Alex Belzile.
15:17 of 2nd period - Deflect By Tyler Gaudet.
15:17 of 2nd period - Stopped by Philippe Desrosiers without a rebound.
15:18 of 2nd period - Andy Andreoff wins face-off versus Alex Belzile in London Knights zone.
15:27 of 2nd period - Wrist shot by Filip Zadina.
15:27 of 2nd period - Stopped by Antoine Bibeau without a rebound.
15:28 of 2nd period - Andy Andreoff wins face-off versus Alex Belzile in Sherbrooke Phoenix zone.
15:54 of 2nd period - Off-side.
15:55 of 2nd period - Justin Kloos wins face-off versus Brad Malone in neutral zone.
16:51 of 2nd period - Wrist shot by Manuel Wiederer.
16:51 of 2nd period - Shot Blocked by Tommy Cross.
17:04 of 2nd period - Off-side.
17:05 of 2nd period - Andy Andreoff wins face-off versus Blaine Byron in neutral zone.
17:10 of 2nd period - Blaine Byron is hit by Hunter Warner and loses puck.
17:53 of 2nd period - Tommy Cross is hit by Colby Williams and loses puck.
17:58 of 2nd period - Snap shot by Kieffer Bellows.
17:58 of 2nd period - Stopped by Antoine Bibeau with a rebound.
18:02 of 2nd period - Wrist shot by Manuel Wiederer.
18:02 of 2nd period - Stopped by Antoine Bibeau without a rebound.
18:03 of 2nd period - Andy Andreoff wins face-off versus Alex Belzile in Sherbrooke Phoenix zone.
18:37 of 2nd period - Off-side.
18:38 of 2nd period - Brad Malone wins face-off versus Andy Andreoff in neutral zone.
18:41 of 2nd period - Snap shot by Francis Perron.
18:41 of 2nd period - Stopped by Philippe Desrosiers with a rebound.
Goals for this period are 2 for London Knights vs 1 for Sherbrooke Phoenix.
Shots for this period are 19 for London Knights vs 12 for Sherbrooke Phoenix.

3rd period


0:01 of 3rd period - Alex Belzile wins face-off versus Andy Andreoff in neutral zone.
0:11 of 3rd period - Off-side.
0:12 of 3rd period - Andy Andreoff wins face-off versus Alex Belzile in neutral zone.
0:41 of 3rd period - Off-side.
0:42 of 3rd period - Justin Kloos wins face-off versus Brad Malone in neutral zone.
0:53 of 3rd period - Wrist shot by Justin Kloos.
0:53 of 3rd period - Stopped by Antoine Bibeau with a rebound.
1:01 of 3rd period - Snap shot by Francis Perron.
1:01 of 3rd period - Shot Misses the Net.
1:05 of 3rd period - Wrist shot by Jonny Brodzinski.
1:05 of 3rd period - Stopped by Philippe Desrosiers with a rebound.
1:07 of 3rd period - Slapshot by Julius Bergman.
1:07 of 3rd period - Stopped by Philippe Desrosiers with a rebound.
2:23 of 3rd period - Wrist shot by Jonny Brodzinski.
2:23 of 3rd period - Shot Blocked by Filip Zadina.
2:25 of 3rd period - Wrist shot by Brad Malone.
2:25 of 3rd period - Shot Misses the Net.
2:27 of 3rd period - Wrist shot by Brad Malone.
2:27 of 3rd period - Shot Misses the Net.
2:29 of 3rd period - Slapshot by Brad Malone.
2:29 of 3rd period - Deflect By Francis Perron.
2:29 of 3rd period - Stopped by Philippe Desrosiers without a rebound.
2:30 of 3rd period - Alex Belzile wins face-off versus Justin Kloos in London Knights zone.
2:35 of 3rd period - Snap shot by Mario Kempe.
2:35 of 3rd period - Stopped by Philippe Desrosiers with a rebound.
2:43 of 3rd period - Wrist shot by John Hayden.
2:43 of 3rd period - Stopped by Antoine Bibeau with a rebound.
2:45 of 3rd period - Slapshot by Tyler Wotherspoon.
2:45 of 3rd period - Stopped by Antoine Bibeau with a rebound.
3:04 of 3rd period - Slapshot by Keegan Kolesar.
3:04 of 3rd period - Shot Misses the Net.
3:10 of 3rd period - Slapshot by Tommy Cross.
3:10 of 3rd period - Shot Blocked by Lucas Carlsson.
3:30 of 3rd period - Snap shot by Kieffer Bellows.
3:30 of 3rd period - Goal by Kieffer Bellows - London Knights : 5 - Sherbrooke Phoenix : 2.
3:31 of 3rd period - Justin Kloos wins face-off versus Alex Belzile in neutral zone.
3:46 of 3rd period - Alex Belzile is hit by Tyler Wotherspoon and loses puck.
3:57 of 3rd period - Kristian Vesalainen is hit by Timothy Gettinger and loses puck.
4:20 of 3rd period - Colton White is hit by Tyler Wotherspoon and loses puck.
4:37 of 3rd period - Colton White is hit by Colby Williams and loses puck.
4:44 of 3rd period - Snap shot by Andy Andreoff.
4:44 of 3rd period - Shot Misses the Net.
4:46 of 3rd period - Wrist shot by Filip Zadina.
4:46 of 3rd period - Shot Blocked by Mario Kempe.
5:26 of 3rd period - Snap shot by Jonny Brodzinski.
5:26 of 3rd period - Stopped by Philippe Desrosiers with a rebound.
5:28 of 3rd period - Snap shot by Colton White.
5:28 of 3rd period - Shot Misses the Net.
6:30 of 3rd period - Alex Belzile is hit by Nicolas Aube-Kubel.
8:26 of 3rd period - Darren Archibald is hit by Justin Kloos and loses puck.
9:13 of 3rd period - Jonny Brodzinski is hit by Hunter Warner.
9:58 of 3rd period - Snap shot by Filip Zadina.
9:58 of 3rd period - Shot Misses the Net.
10:00 of 3rd period - Slapshot by Filip Zadina.
10:00 of 3rd period - Shot Misses the Net.
10:02 of 3rd period - Slapshot by Tyler Wotherspoon.
10:02 of 3rd period - Shot Blocked by Jordan Subban.
10:38 of 3rd period - Blake Siebenaler is hit by Sheldon Dries.
10:48 of 3rd period - Jayson Megna is hit by Timothy Gettinger and loses puck.
11:09 of 3rd period - Francis Perron is hit by Tyler Wotherspoon and loses puck.
11:53 of 3rd period - Snap shot by Sheldon Dries.
11:53 of 3rd period - Stopped by Antoine Bibeau without a rebound.
11:54 of 3rd period - Brad Morrison wins face-off versus Sheldon Dries in Sherbrooke Phoenix zone.
12:03 of 3rd period - Keegan Kolesar is hit by Brad Morrison and loses puck.
12:12 of 3rd period - Slapshot by Lucas Carlsson.
12:12 of 3rd period - Shot Misses the Net.
12:22 of 3rd period - Slapshot by Tommy Cross.
12:22 of 3rd period - Shot Misses the Net.
12:24 of 3rd period - Slapshot by Tommy Cross.
12:24 of 3rd period - Deflect By Ethan Prow.
12:24 of 3rd period - Stopped by Philippe Desrosiers with a rebound.
12:28 of 3rd period - Wrist shot by Brad Morrison.
12:28 of 3rd period - Shot Blocked by Sheldon Dries.
12:30 of 3rd period - Snap shot by Tommy Cross.
12:30 of 3rd period - Stopped by Philippe Desrosiers without a rebound.
12:31 of 3rd period - Tyler Gaudet wins face-off versus Andy Andreoff in London Knights zone.
12:56 of 3rd period - Slapshot by Nicolas Aube-Kubel.
12:56 of 3rd period - Stopped by Antoine Bibeau with a rebound.
13:45 of 3rd period - Icing by Keegan Kolesar.
13:46 of 3rd period - Brad Malone wins face-off versus Sheldon Dries in London Knights zone.
13:51 of 3rd period - Slapshot by Francis Perron.
13:51 of 3rd period - Shot Misses the Net.
14:03 of 3rd period - Snap shot by Kristian Vesalainen.
14:03 of 3rd period - Stopped by Antoine Bibeau with a rebound.
14:05 of 3rd period - Snap shot by Keegan Kolesar.
14:05 of 3rd period - Shot Blocked by Jonny Brodzinski.
14:07 of 3rd period - Backhand shot by Hunter Warner.
14:07 of 3rd period - Shot Misses the Net.
14:09 of 3rd period - Backhand shot by Ethan Prow.
14:09 of 3rd period - Stopped by Antoine Bibeau with a rebound.
14:11 of 3rd period - Wrist shot by Sheldon Dries.
14:11 of 3rd period - Shot Blocked by Tommy Cross.
14:13 of 3rd period - Wrist shot by Sheldon Dries.
14:13 of 3rd period - Shot Misses the Net.
14:15 of 3rd period - Wrist shot by Kristian Vesalainen.
14:15 of 3rd period - Goal by Kristian Vesalainen - London Knights : 6 - Sherbrooke Phoenix : 2.
14:16 of 3rd period - Brad Malone wins face-off versus Filip Zadina in neutral zone.
14:16 of 3rd period - Francis Perron beats up Andy Andreoff.
14:16 of 3rd period - Penalty to Francis Perron for Fighting.
14:16 of 3rd period - Penalty to Andy Andreoff for Fighting.
14:16 of 3rd period - Penalty to Andy Andreoff for instigated a fight.
14:16 of 3rd period - Penalty to Andy Andreoff for instigated a fight.
14:17 of 3rd period - Alex Belzile wins face-off versus Sheldon Dries in neutral zone.
14:48 of 3rd period - Sheldon Dries is hit by Colton White.
14:52 of 3rd period - Snap shot by Brad Malone.
14:52 of 3rd period - Stopped by Philippe Desrosiers with a rebound.
14:54 of 3rd period - Snap shot by Brad Malone.
14:54 of 3rd period - Stopped by Philippe Desrosiers with a rebound.
15:58 of 3rd period - Hunter Warner is hit by Colton White and loses puck.
16:09 of 3rd period - Ethan Prow is hit by Mario Kempe and loses puck.
16:16 of 3rd period - Penalty to Andy Andreoff is over, Keegan Kolesar is send on ice.
16:17 of 3rd period - Icing by Hunter Warner.
16:18 of 3rd period - Brad Malone wins face-off versus Justin Kloos in London Knights zone.
16:25 of 3rd period - Slapshot by Alex Belzile.
16:25 of 3rd period - Stopped by Philippe Desrosiers with a rebound.
16:27 of 3rd period - Snap shot by Timothy Gettinger.
16:27 of 3rd period - Stopped by Philippe Desrosiers with a rebound.
16:58 of 3rd period - Blake Siebenaler and Kristian Vesalainen fight to a draw.
16:58 of 3rd period - Penalty to Blake Siebenaler for Fighting.
16:58 of 3rd period - Penalty to Kristian Vesalainen for Fighting.
16:59 of 3rd period - Alex Belzile wins face-off versus Keegan Kolesar in neutral zone.
17:04 of 3rd period - Wrist shot by Alex Belzile.
17:04 of 3rd period - Stopped by Philippe Desrosiers without a rebound.
17:05 of 3rd period - Alex Belzile wins face-off versus Keegan Kolesar in London Knights zone.
17:54 of 3rd period - Tyler Gaudet and John Hayden fight to a draw.
17:54 of 3rd period - Penalty to Tyler Gaudet for Fighting.
17:54 of 3rd period - Penalty to John Hayden for Fighting.
17:54 of 3rd period - Penalty to Tyler Gaudet for instigated a fight.
17:54 of 3rd period - Penalty to Tyler Gaudet for instigated a fight.
17:55 of 3rd period - Alex Belzile wins face-off versus Keegan Kolesar in Sherbrooke Phoenix zone.
17:55 of 3rd period - Alex Belzile is hit by Keegan Kolesar.
18:03 of 3rd period - Slapshot by Mario Kempe.
18:03 of 3rd period - Shot Blocked by Tyler Wotherspoon.
18:05 of 3rd period - Slapshot by Colton White.
18:05 of 3rd period - Deflect By Dylan McIlrath.
18:05 of 3rd period - Stopped by Philippe Desrosiers without a rebound.
18:06 of 3rd period - Alex Belzile wins face-off versus Keegan Kolesar in London Knights zone.
18:32 of 3rd period - Justin Kloos is hit by Graham Knott and loses puck.
18:43 of 3rd period - Snap shot by Tommy Cross.
18:43 of 3rd period - Stopped by Philippe Desrosiers with a rebound.
19:16 of 3rd period - Penalty to Francis Perron is over, Francis Perron is back on ice.
19:54 of 3rd period - Penalty to Tyler Gaudet is over, Mario Kempe is send on ice.
Goals for this period are 2 for London Knights vs 0 for Sherbrooke Phoenix.
Shots for this period are 9 for London Knights vs 14 for Sherbrooke Phoenix.